 Dungeon Crawl Stone Soup version 0.28-a0-1493-g08698888e4 (webtiles) character file.

Game seed: 7077292207283130895

96 bande the Shield-Bearer (level 4, 0/29 HPs)
             Began as a Gargoyle Fighter on Jan 12, 2022.
             Slain by an orc wizard (1 damage)
             ... on level 3 of the Dungeon.
             The game lasted 00:03:02 (2117 turns).

bande the Shield-Bearer (Gargoyle Fighter)          Turns: 2117, Time: 00:03:03

Health: 0/29       AC: 13    Str: 20    XL:     4   Next: 67%
Magic:  4/4        EV:  7    Int:  8    God:
Gold:   99         SH:  0    Dex: 11    Spells: 3/3 levels left

rFire   . . .      SeeInvis .   a - +0 war axe
rCold   . . .      Faith    .   c - +0 buckler
rNeg    + . .      Spirit   .   j - +0 chain mail
rPois   ∞          Reflect  .   (no helmet)
rElec   +          Harm     .   (no cloak)
rCorr   .          Rampage  .   (no gloves)
Will    .....                   (no boots)
Stlth   ..........              (no amulet)
HPRegen 0.09/turn               (no ring)
MPRegen 0.09/turn               (no ring)

@: confused
A: sickness immunity, AC +3, negative energy resistance 1, electricity
resistance, torment resistance 1, petrification resistance
a: no special abilities


You were on level 3 of the Dungeon.
You visited 1 branch of the dungeon, and saw 3 of its levels.

You collected 99 gold pieces.

Inventory:

Hand Weapons
 a - a +0 war axe (weapon)
Armour
 c - a +0 buckler (worn)
 j - a +0 chain mail (worn)
Jewellery
 h - a ring of positive energy
Scrolls
 e - a scroll of holy word
 f - a scroll of amnesia
 g - a scroll of identify
Potions
 d - a potion of might


   Skills:
 + Level 3.8 Fighting
 + Level 2.4 Axes
 + Level 4.1 Armour
 + Level 4.3 Shields


You had 3 spell levels left.
You didn't know any spells.
Your spell library was empty.

Dungeon Overview and Level Annotations

Branches:
Dungeon (3/15)

Altars:


Innate Abilities, Weirdness & Mutations

You are immune to sickness and miasma.
Your stone body is resilient. (AC +3)
You are immune to poison.
You resist negative energy. (rN+)
You are resistant to electric shocks. (rElec)
You are resistant to unholy torment.
You are immune to petrification.


Message History

The orc wizard gestures at you while chanting.
You are more confused.
You closely miss the orc wizard. You completely miss something.
The orc wizard points at you and mumbles some strange words.
The magic dart hits you! Something hits you but does no damage.
Unknown command.
You bump into the rock wall.
You hear some strange, mumbled words.
A puff of flame appears from out of thin air!
The puff of flame hits you!
* * * LOW HITPOINT WARNING * * *
The orc wizard hits you with a +0 dagger.
* * * LOW HITPOINT WARNING * * *
You feel better. Something hits you. The orc barely misses you.
The orc wizard hits you with a +0 dagger.
* * * LOW HITPOINT WARNING * * *
Unknown command.
You barely miss the orc wizard. You barely miss something. You slash the orc!
You kill the orc!
You hear some strange, mumbled words.
A puff of flame appears from out of thin air!
The puff of flame hits you.
* * * LOW HITPOINT WARNING * * *
The orc wizard hits you but does no damage.
You completely miss the orc wizard. You hit something.
Something hits you but does no damage.
The orc wizard hits you but does no damage.
You hear some strange, mumbled words.
A magic dart appears from out of thin air!
The magic dart hits you but does no damage.
The orc wizard hits you but does no damage.
You barely miss the orc wizard. You closely miss something. Something hits you.
* * * LOW HITPOINT WARNING * * *
The orc wizard barely misses you.
You barely miss the orc wizard. You barely miss something.
You hear some strange, mumbled words.
You are confused.
The orc wizard casts a spell.
The orc wizard flickers and vanishes!
Something hits you.
You die...

....#.......<.#
....#.........#
....#.........#
####...##'########
#..... #.# .
#....# #.# ...
#....# #.#
.....#.{{.####.#
.......)@...>..#
#.####.#########
... ....# ......
...... ..... .....


There were no monsters in sight!

Vanquished Creatures
  4 adders (D:2)
  2 orcs (D:3)
  An endoplasm (D:2)
  A giant cockroach (D:2)
  A goblin (D:1)
  6 hobgoblins
  11 jackals
  A quokka (D:1)
  8 ball pythons
  5 bats
  5 frilled lizards
  3 kobolds (D:1)
  8 rats
56 creatures vanquished.

Vanquished Creatures (others)
  A plant (D:3)
1 creature vanquished.

Grand Total: 57 creatures vanquished

Notes
Turn   | Place    | Note
-------+----------+-------------------------------------------
     0 | D:1      | bande the Gargoyle Fighter began the quest for the Orb.
     0 | D:1      | Reached XP level 1. HP: 14/14 MP: 1/1
   347 | D:1      | Reached XP level 2. HP: 19/19 MP: 2/2
   514 | D:1      | Found a faded altar of an unknown god.
   641 | D:1      | Reached XP level 3. HP: 20/24 MP: 3/3
  1528 | D:2      | Reached XP level 4. HP: 28/29 MP: 4/4
  2116 | D:3      | HP: 1/29 [something (1)]
  2117 | D:3      | Slain by an orc wizard

Illustrated notes

Levels and vault maps discovered:
D:1:      psy_arrival_fountain, layout_rooms, shapermc_ecumenical_altar_gd
D:2:      layout_basic
D:3:      layout_basic, pdpol_wu_jian_five_deadly_venoms, portal_sewer_entry_e,
          corexii_shack, guppyfry_early_lair_pool

Skill      XL: |  1  2  3  4 |
---------------+-------------+-----
Axes           | 2 |  2.4
Shields        | 4 |  4.3
Armour         | 4 |  4.1
Fighting       | |  3.8

Action                   |  1- 3 |  4- 6 || total
-------------------------+-------+-------++-------
Melee: War axe           |   127 |    75 ||   202
  Use: Scroll            |       |     5 ||     5
       Potion            |       |     1 ||     1
Armor: Scale mail        |    68 |       ||    68
       Chain mail        |    26 |    70 ||    96
Dodge: Dodged            |    80 |    42 ||   122
Block: Buckler           |    47 |    25 ||    72

Table legend: (Time is in decaauts)
 A = Elapsed time spent in this place.
 B = Non-inter-level travel time spent in this place.
 C = Inter-level travel time spent in this place.
 D = Time resting spent in this place.
 E = Time spent auto-exploring this place.
 F = Levels seen in this place.
 G = Mean time per level.
                   A        B        C        D        E       F      G
               +--------+--------+--------+--------+--------+-----+--------+
         Total |   2204 |   2164 |     40 |    286 |   1391 |   3 |  734.7 |
       Dungeon |   2204 |   2164 |     40 |    286 |   1391 |   3 |  734.7 |
               +--------+--------+--------+--------+--------+-----+--------+

Top non-repeatable levels by time:
     D:2: 1184 daAuts
     D:1: 883 daAuts
     D:3: 136 daAuts
